 Dungeon Crawl Stone Soup version 0.25-b1-23-ge2ad7d536c (webtiles) character file.

Game seed: 4659516549323371417, levelgen mode: deterministic

480 dorian the Chopper (level 7, 0/41 HPs)
             Began as a Gargoyle Fighter on May 30, 2020.
             Slain by a centaur (6 damage)
             ... on level 5 of the Dungeon.
             The game lasted 00:04:19 (3410 turns).

dorian the Chopper (Gargoyle Fighter)               Turns: 3410, Time: 00:04:20

Health: 0/41       AC: 14    Str: 21    XL:     7   Next: 12%
Magic:  7/7        EV:  7    Int:  9    God:
Gold:   100        SH:  9    Dex:  9    Spells: 6/6 levels left

rFire    . . .     SeeInvis .   a - +1 war axe
rCold    . . .     Gourm    .   c - +0 kite shield
rNeg     + . .     Faith    .   b - +0 scale mail
rPois    ∞         Spirit   .   r - +0 helmet
rElec    +         Reflect  .   (no cloak)
rCorr    .         Harm     .   s - +0 pair of gloves
MR       .....                  (no boots)
Stlth    ..........             (no amulet)
HPRegen  0.13/turn              (no ring)
MPRegen  0.10/turn              (no ring)

@: very slightly contaminated
A: negative energy resistance 1, electricity resistance, unbreathing,
petrification resistance, rot immunity, AC +4
a: no special abilities


You were on level 5 of the Dungeon.
You were hungry.

You visited 1 branch of the dungeon, and saw 6 of its levels.

You collected 100 gold pieces.

Inventory:

Hand Weapons
 a - a +1 war axe (weapon)
Armour
 b - a +0 scale mail (worn)
 c - a +0 kite shield (worn)
 r - a +0 helmet (worn)
 s - a +0 pair of gloves (worn)
Jewellery
 e - an uncursed amulet of guardian spirit {unknown}
 m - an uncursed amulet of the acrobat {unknown}
 p - an uncursed ring of magical power {unknown}
 u - an uncursed ring of protection from magic {unknown}
Scrolls
 h - 2 scrolls of identify
 j - 4 scrolls of fog
 k - 2 scrolls of amnesia
 o - a scroll of fear {unknown}
Potions
 d - a potion of might
 i - a potion of mutation {unknown}
 q - a potion of heal wounds {unknown}
 t - a potion of ambrosia {unknown}
Comestibles
 f - 8 rations


   Skills:
 - Level 3.2 Fighting
 * Level 5.6 Axes
 + Level 5.5 Armour
 - Level 3.2 Shields


You had 6 spell levels left.
You didn't know any spells.
Your spell library was empty.

Dungeon Overview and Level Annotations

Branches:
Dungeon (6/15)
 Temple: D:4-7

Altars:
Trog
Xom

Shops:
D:4 *=%


Innate Abilities, Weirdness & Mutations

You are resistant to torment.
Your stone body is resilient. (AC +4)
You are immune to poison.
You resist negative energy. (rN+)
You are resistant to electric shocks. (rElec)
You can survive without breathing.
You are immune to petrification.
You are immune to rotting.


Message History

Found a stone staircase leading up.
You see here an arrow.
The centaur hits you but does no damage.
You block the centaur's attack.
The centaur shoots an arrow.
The arrow barely misses you. The centaur barely misses you.
An orc warrior comes into view. It is wielding a +0 dire flail.
There is a stone staircase leading up here.
You block the centaur's attack.
The centaur unwields a +0 shortbow.
You block the centaur's attack. The centaur barely misses you.
You climb upwards.
Found a fuming golden potion.
There is a stone staircase leading down here.
You hit the centaur.
The centaur is lightly wounded.
The centaur barely misses you. You block the centaur's attack.
You slash the centaur!
The centaur is severely wounded.
The centaur hits you.
You die...

### ..# #.# #.#
.######.#######
!......c.......
#@# #.# #.# #.#
#.# #.# #.# ...


You could see a centaur.

Vanquished Creatures
  2 phantoms (D:4)
  A wyvern skeleton (D:3)
  2 orc wizards
  Jessica (D:3)
  6 adders
  An ooze (D:3)
  4 worms
  A leopard gecko (D:6)
  15 orcs
  2 ball pythons
  4 giant cockroaches
  5 goblins
  9 hobgoblins
  11 jackals
  2 quokkas
  8 bats
  5 frilled lizards
  9 kobolds
  3 rats
91 creatures vanquished.

Notes
Turn   | Place    | Note
-------+----------+-------------------------------------------
     0 | D:1      | dorian the Gargoyle Fighter began the quest for the Orb.
     0 | D:1      | Reached XP level 1. HP: 14/14 MP: 1/1
   364 | D:1      | Reached XP level 2. HP: 19/19 MP: 2/2
   836 | D:2      | Reached XP level 3. HP: 14/23 MP: 3/3
  1398 | D:2      | Reached XP level 4. HP: 28/28 MP: 4/4
  1604 | D:2      | Found a radiant altar of Vehumet.
  1606 | D:2      | Found a bloodstained altar of Trog.
  1606 | D:2      | Found a white marble altar of Elyvilon.
  1608 | D:2      | Found a shimmering altar of Xom.
  1608 | D:2      | Found an opulent altar of Gozag.
  1608 | D:2      | Found an iron altar of Okawaru.
  1696 | D:3      | Noticed Jessica
  1715 | D:3      | Killed Jessica
  1844 | D:3      | Reached XP level 5. HP: 32/32 MP: 5/5
  2331 | D:3      | Reached XP level 6. HP: 25/37 MP: 6/6
  2883 | D:4      | Found Ferri's Assorted Antiques.
  2896 | D:4      | Found Puloq's Jewellery Boutique.
  2954 | D:4      | Reached skill level 5 in Armour
  2990 | D:4      | Noticed a phantom
  3053 | D:4      | Killed a phantom
  3053 | D:4      | Reached skill level 5 in Axes
  3153 | D:4      | Noticed a phantom
  3178 | D:4      | Killed a phantom
  3178 | D:4      | Reached XP level 7. HP: 26/41 MP: 7/7
  3329 | D:4      | Found Zuezugus's Food Shoppe.
  3347 | D:4      | You fall into a shaft and drop 2 floors!
  3369 | D:6      | Noticed a troll
  3400 | D:6      | Found a bloodstained altar of Trog.
  3408 | D:5      | Entered Level 5 of the Dungeon
  3410 | D:5      | Slain by a centaur

Illustrated notes

Levels and vault maps discovered:
D:1:      dpeg_arrival_ternary, layout_basic
D:2:      minmay_chambers_of_ones, layout_rooms, doesnt_xom_only_xom
D:3:      layout_basic, first_ration, kennysheep_generic_room_8, uniq_jessica
D:4:      layout_rooms, serial_shops, shop_statue, shop, shop,
          nicolae_shop_statue_plus, minmay_misc_feat_more_columns,
          guppyfry_shop_venom
D:5:      wander_guarded_unrand_ratskin, layout_loops_ring, lemuel_round_altar
D:6:      layout_loops_ring, yredelemnul_altar_generic, trog_ov_bears_minmay,
          minmay_temple_entry_overgrown, nicolae_ossuary_entry_plus,
          kennysheep_doodads, minivault_11, makhleb_altar_promises_db

Skill      XL: |  1  2  3  4  5  6 |
---------------+-------------------+-----
Axes           | 2 3 4 5 |  5.6
Armour         | 4 5 |  5.5
Fighting       | |  3.2
Shields        | |  3.2

Action                   |  1- 3 |  4- 6 |  7- 9 || total
-------------------------+-------+-------+-------++-------
Melee: War axe           |   132 |   187 |    22 ||   341
  Use: Scroll            |       |       |     4 ||     4
  Eat: Chunk             |     2 |     6 |       ||     8
Armor: Scale mail        |    62 |   110 |    18 ||   190
Dodge: Dodged            |    30 |    55 |    17 ||   102
Block: Kite shield       |    75 |   128 |    26 ||   229
